 Seeded DCSS version 0.27-a0-1202-ge72e49191c (webtiles) character file.

Game seed: 20210602 (custom seed)

72 Snicker the Sneak (level 4, 0/33 HPs)
             Began as a Demonspawn Brigand on June 2, 2021.
             Slain by Natasha (3 damage)
             ... on level 2 of the Dungeon.
             The game lasted 00:02:38 (1585 turns).

Snicker the Sneak (Demonspawn Brigand)              Turns: 1585, Time: 00:02:39

Health: 0/33       AC:  4    Str: 10 (11) XL:     4   Next: 6%
Magic:  4/4        EV: 11    Int: 10 (13) God:
Gold:   73         SH:  0    Dex: 13 (15) Spells: 3/3 levels left

rFire    . . .     SeeInvis .   a - +2 dagger
rCold    . . .     Faith    .   (no shield)
rNeg     . . .     Spirit   .   h - +0 leather armour
rPois    .         Reflect  .   (helmet restricted)
rElec    .         Harm     .   c - +0 cloak
rCorr    .         Rampage  .   (no gloves)
Will     .....                  (no boots)
Stlth    +++.......             (no amulet)
HPRegen  0.11/turn              (no ring)
MPRegen  0.09/turn              (no ring)

@: mighty, attractive, hasted, very quick
A: antennae 1, demonic guardian 1
a: no special abilities


You were on level 2 of the Dungeon.
You visited 1 branch of the dungeon, and saw 2 of its levels.

You collected 73 gold pieces.

Inventory:

Hand Weapons
 a - a +2 dagger (weapon)
Missiles
 d - 8 poisoned darts (quivered)
Armour
 b - a +0 robe
 c - a +0 cloak (worn)
 h - a +0 leather armour (worn)
Scrolls
 j - a scroll of identify {unknown}
 k - a scroll of torment {unknown}


   Skills:
 + Level 2.1 Fighting
 * Level 2.2 Short Blades
 + Level 1.8 Throwing
 + Level 0.5 Armour
 + Level 1.2 Dodging
 * Level 4.8 Stealth


You had 3 spell levels left.
You didn't know any spells.
Your spell library was empty.

Dungeon Overview and Level Annotations

Branches:
Dungeon (2/15)

Altars:

Shops:
D:1 (

Annotations:
D:2 Natasha


Innate Abilities, Weirdness & Mutations

You have a pair of small antennae on your head.
A weak demonic guardian rushes to your aid.


Message History

Natasha stares at you and mumbles some strange words.
You resist with some effort.
You hit Natasha but do no damage. Natasha casts a spell at you.
The magic dart hits you.
You hit Natasha.
Natasha is moderately wounded.
Natasha claws you but does no damage.
You barely miss Natasha.
Natasha is moderately wounded.
Natasha claws you.
You closely miss Natasha.
Natasha is moderately wounded.
Natasha claws you.
You closely miss Natasha.
Natasha is moderately wounded.
Natasha claws you.
You closely miss Natasha.
Natasha is moderately wounded.
Natasha barely misses you.
It was a potion of degeneration.
There was something very wrong with that liquid.
You feel weakened.
You feel dopey.
You feel clumsy. Natasha claws you.
* * * LOW HITPOINT WARNING * * *
It was a potion of attraction.
You feel attractive to monsters. Natasha casts a spell at you.
The magic dart hits you.
* * * LOW HITPOINT WARNING * * *
A demonic guardian appears!
It was a potion of haste.
You feel yourself speed up.
Natasha mumbles some strange words.
It was a potion of might.
You feel very mighty all of a sudden.
Your iron imp misses Natasha.
You puncture Natasha!
Natasha is severely wounded.
The crimson imp hits your iron imp. Natasha claws you.
You die...

#############
#
............#
...
###########.#
###..# #
#.#######....#
#
#.....@h55..#
#
##########.#.#
# # # # # #.#
#.# #.# #.#
#.#


You could see Natasha (ally target), a crimson imp (summoned) and a friendly
iron imp (summoned).

Vanquished Creatures
  2 adders (D:2)
  A dart slug (D:1)
  An endoplasm (D:1)
  A goblin (D:2)
  5 hobgoblins (D:1)
  A quokka (D:2)
  6 ball pythons
  5 bats (D:1)
  A frilled lizard (D:2)
  3 kobolds
  6 rats
32 creatures vanquished.

Vanquished Creatures (collateral kills)
  Natasha (D:2)
1 creature vanquished.

Grand Total: 33 creatures vanquished

Notes
Turn   | Place    | Note
-------+----------+-------------------------------------------
     0 | D:1      | Snicker the Demonspawn Brigand began the quest for the Orb.
     0 | D:1      | Reached XP level 1. HP: 16/16 MP: 1/1
    75 | D:1      | Found a faded altar of an unknown god.
   238 | D:1      | Reached skill level 4 in Stealth
   388 | D:1      | Gained mutation: You have a pair of small antennae on your
                  | head. [demonic ancestry]
   388 | D:1      | Reached XP level 2. HP: 21/22 MP: 2/2
   482 | D:1      | Reached skill level 1 in Dodging
   506 | D:1      | Found Sigrit's Antique Weapon Emporium.
   894 | D:2      | Gained mutation: A weak demonic guardian rushes to your
                  | aid. [demonic ancestry]
   894 | D:2      | Reached XP level 3. HP: 16/27 MP: 3/3
  1211 | D:2      | Noticed Natasha
  1220 | D:2      | Killed Natasha
  1221 | D:2      | Reached XP level 4. HP: 14/33 MP: 4/4
  1568 | D:2      | Noticed Natasha
  1585 | D:2      | Slain by Natasha

Illustrated notes

Levels and vault maps discovered:
D:1:      eino_arrival_water_star, layout_basic, serial_shops, shop_statue,
          hellmonk_ecumenical_altar_run_dry
D:2:      layout_loops_ring, uniq_natasha

Skill      XL: |  1  2  3 |
---------------+----------+-----
Stealth        | 4 |  4.8
Dodging        | 1 |  1.2
Short Blades   | 2 |  2.2
Fighting       | |  2.1
Throwing       | |  1.8
Armour         | |  0.5

Action                   |  1- 3 |  4- 6 || total
-------------------------+-------+-------++-------
Melee: Dagger            |    86 |    15 ||   101
Throw: Dart              |       |     2 ||     2
  Use: Potion            |       |     4 ||     4
 Stab: Sleeping          |     4 |     1 ||     5
       Distracted        |     1 |       ||     1
Armor: Leather armour    |    22 |     2 ||    24
       Robe              |     4 |       ||     4
Dodge: Dodged            |    48 |     6 ||    54

Table legend: (Time is in decaauts)
 A = Elapsed time spent in this place.
 B = Non-inter-level travel time spent in this place.
 C = Inter-level travel time spent in this place.
 D = Time resting spent in this place.
 E = Time spent auto-exploring this place.
 F = Levels seen in this place.
 G = Mean time per level.
                   A        B        C        D        E       F      G
               +--------+--------+--------+--------+--------+-----+--------+
         Total |   1583 |   1575 |      8 |    129 |   1126 |   2 |  791.5 |
       Dungeon |   1583 |   1575 |      8 |    129 |   1126 |   2 |  791.5 |
               +--------+--------+--------+--------+--------+-----+--------+

Top non-repeatable levels by time:
     D:1: 877 daAuts
     D:2: 706 daAuts
